 Dungeon Crawl Stone Soup version 0.20-a0-275-ga90a6c4 (webtiles) character file.

1372 jehirs the Geomancer (level 8, -1/62 HPs)
             Began as a Deep Dwarf Earth Elementalist on Dec 11, 2016.
             Slain by yrara's ghost (8 damage)
             ... on level 6 of the Dungeon.
             The game lasted 00:12:52 (5537 turns).

jehirs the Geomancer (DDEE)                         Turns: 5537, Time: 00:12:53

Health: -1/62      AC:  7    Str: 12    XL:     8   Next: 38%
Magic:  8/15       EV: 14    Int: 18    God:
Gold:   219        SH:  0    Dex: 13    Spells: 7/16 levels left

rFire  + . .     SeeInvis .     b - 15 stones
rCold  . . .     Gourm    .     u - +2 robe {rF+}
rNeg   . . .     Faith    .     (no shield)
rPois  .         Spirit   .     (no helmet)
rElec  .         Reflect  .     y - +0 cloak
rCorr  .         Harm     .     q - +1 pair of gloves
MR     +....                    (no boots)
Stlth  ++........               (no amulet)
                                (no ring)
                                (no ring)

@: non-regenerating
A: damage resistance, recharge devices, sense surroundings 1, slow regeneration
3
a: Device Recharging


You were on level 6 of the Dungeon.
You were not hungry.

You visited 1 branch of the dungeon, and saw 6 of its levels.

You collected 219 gold pieces.

Inventory:

Hand Weapons
 a - a +0 club
Missiles
 b - 15 stones (in hand)
Armour
 q - a +1 pair of gloves (worn)
 u - a +2 robe of fire resistance (worn)
 y - a +0 cloak (worn)
Wands
 d - a wand of heal wounds (4/9)
Scrolls
 g - 2 scrolls of enchant armour
 i - 3 scrolls of amnesia
 j - 3 scrolls of remove curse
Potions
 h - a potion of cancellation
 k - a potion of brilliance
 m - a potion of ambrosia
 o - a potion of invisibility {unknown}
 s - 2 potions of curing {unknown}
 t - a potion of haste {unknown}
 v - a potion of might {unknown}
 w - 2 potions of flight {unknown}
Books
 e - a book of Geomancy

   Spells                             Type                      Level
   a - Sandblast                      Earth                        1
   b - Passwall                       Transmutation/Earth          2
   c - Stone Arrow                    Conjuration/Earth            3
   d - Petrify                        Transmutation/Earth          4
   e - Lee's Rapid Deconstruction     Earth                        5
 r - a book of Changes

   Spells                             Type                      Level
   a - Beastly Appendage              Transmutation                1
   b - Sticks to Snakes               Transmutation                2
   c - Spider Form                    Transmutation/Poison         3
   d - Ice Form                       Ice/Transmutation            4
   e - Blade Hands                    Transmutation                5
 x - a book of Maledictions

   Spells                             Type                      Level
   a - Corona                         Hexes                        1
   b - Ensorcelled Hibernation        Hexes/Ice                    2
   c - Confuse                        Hexes                        3
   d - Tukima's Dance                 Hexes                        3
   e - Dazzling Spray                 Conjuration/Hexes            3
Comestibles
 f - 5 bread rations
 l - a beef jerky


   Skills:
 + Level 4.0 Dodging
 - Level 2.4 Stealth
 + Level 4.7 Spellcasting
 - Level 3.0 Conjurations
   Level 0.8 Transmutations
 * Level 10.4 Earth Magic


You had 7 spell levels left.
You knew the following spells:

 Your Spells              Type           Power        Failure   Level  Hunger
a - Sandblast             Erth           #####.       1%          1    None
b - Stone Arrow           Conj/Erth      ####..       2%          3    ###....
c - Lee's Rapid Deconstr  Erth           #####.....   6%          5    ######.


Dungeon Overview and Level Annotations

Branches:
Dungeon (6/15)
 Temple: D:4-7

Altars:
Okawaru
Sif Muna
The Shining One

Annotations:
D:6 yrara's ghost, novice GrFi


Innate Abilities, Weirdness & Mutations

You are resistant to damage.
You can recharge devices by infusing magical energy.
You passively map a small area around you.
You do not regenerate.


Message History

Aiming: Sandblast
Press: ? - help, Shift-Dir - straight line, f/p - yrara's ghost
Aim: yrara's ghost The rocky blast hits yrara's ghost.
Yrara's ghost is lightly damaged.
Yrara's ghost hits you!
Casting: Sandblast
Confirm with . or Enter, or press ? or * to list all spells.
Aiming: Sandblast
Press: ? - help, Shift-Dir - straight line, f/p - yrara's ghost
Aim: yrara's ghost (lightly damaged)
The rocky blast hits yrara's ghost.
Yrara's ghost is lightly damaged.
Yrara's ghost barely misses you.
Yrara's ghost crushes a nearby insect and laughs.
Yrara's ghost hits you!
* * * LOW HITPOINT WARNING * * *
There is a stone staircase leading up, spattered with blood here.
Yrara's ghost hits you!
You die...

#........#.........
##......####....###
#......## ##....# *
#.......###.....#
#........#......# *
*#................#*
.
#...........####...
*#.#.........###
*#... #....@....###
*#.§ #....W..(.## .§
* #......l...# ,
#............# ,
###...........#
##..........# * ,
#...........# ,
...%........... ,,
...............#


You could see yrara's ghost and a leopard gecko.

Vanquished Creatures
  Grinder (D:3)
  Sigmund (D:4)
  Menkaure (D:5)
  The ghost of drd the Covert, an amateur OpAs (D:3)
  2 phantoms (D:5)
  A big kobold (D:5)
  A bullfrog (D:5)
  Blork the orc (D:4)
  A centaur zombie (D:5)
  A hound (D:3)
  Crazy Yiuf (D:4)
  3 orc wizards (D:5)
  A worker ant (D:3)
  A howler monkey skeleton (D:5)
  11 adders
  An ooze (D:4)
  2 adder skeletons (D:4)
  3 worms
  A dart slug (D:1)
  5 leopard geckos
  6 orcs (D:5)
  2 ball pythons
  7 bats
  3 giant cockroaches
  8 goblins
  10 hobgoblins
  4 jackals (D:5)
  A quokka (D:3)
  6 frilled lizards
  12 kobolds
  7 rats
106 creatures vanquished.

Notes
Turn   | Place    | Note
-------+----------+-------------------------------------------
     0 | D:1      | jehirs the Deep Dwarf Earth Elementalist began the quest for the Orb.
     0 | D:1      | Reached XP level 1. HP: 15/15 MP: 3/3
   173 | D:1      | Reached XP level 2. HP: 13/22 MP: 4/4
   573 | D:1      | Reached skill level 5 in Earth Magic
  1162 | D:2      | Reached XP level 3. HP: 12/28 MP: 4/6
  1222 | D:2      | Learned a level 3 spell: Stone Arrow
  1285 | D:2      | Found an iron altar of Okawaru.
  1845 | D:2      | Found a deep blue altar of Sif Muna.
  1901 | D:2      | Reached XP level 4. HP: 11/36 MP: 2/7
  2363 | D:3      | Noticed Grinder
  2373 | D:3      | Killed Grinder
  2373 | D:3      | Reached skill level 1 in Conjurations
  2373 | D:3      | Reached skill level 7 in Earth Magic
  2373 | D:3      | Reached XP level 5. HP: 34/42 MP: 0/9
  2373 | D:3      | Reached XP level 6. HP: 40/49 MP: 0/10
  3004 | D:3      | Noticed drd's ghost (amateur OpAs)
  3006 | D:3      | Killed drd's ghost
  3009 | D:3      | Reached skill level 8 in Earth Magic
  3413 | D:4      | Noticed Sigmund
  3444 | D:4      | Killed Sigmund
  3444 | D:4      | Reached XP level 7. HP: 39/55 MP: 3/12
  3775 | D:4      | Found a glowing golden altar of the Shining One.
  3915 | D:4      | Found a runed door.
  4157 | D:4      | Noticed Blork the orc
  4163 | D:4      | Killed Blork the orc
  4331 | D:4      | Noticed Crazy Yiuf
  4333 | D:4      | Killed Crazy Yiuf
  4333 | D:4      | Reached skill level 9 in Earth Magic
  4420 | D:5      | Entered Level 5 of the Dungeon
  4940 | D:5      | Reached XP level 8. HP: 36/62 MP: 7/14
  5048 | D:5      | Noticed Menkaure
  5057 | D:5      | Killed Menkaure
  5057 | D:5      | Reached skill level 10 in Earth Magic
  5498 | D:5      | Learned a level 5 spell: Lee's Rapid Deconstruction
  5529 | D:6      | Noticed yrara's ghost (novice GrFi)
  5537 | D:6      | Slain by yrara's ghost

Vault maps used:
D:1:      minmay_arrival_stone_box
D:2:      lemuel_blue_sif_altar, kennysheep_okawaru_gauntlet
D:3:      kennysheep_six_static_rooms, uniq_grinder
D:4:      nicolae_tso_carved_into_rock, uniq_sigmund, uniq_crazy_yiuf_cottage,
          uniq_blork_the_orc
D:5:      first_bread, uniq_menkaure
D:6:      nicolae_ashenzari_panopticon, minmay_curled_crystal, kennysheep_boxes,
          uniq_eustachio

Skill      XL: |  1  2  3  4  5  6  7  8 |
---------------+-------------------------+-----
Spellcasting   | 2 3 4 |  4.7
Earth Magic    | 5 7 8 9 10 | 10.4
Conjurations   | 1 2 3 |  3.0
Dodging        | 3 4 |  4.0
Stealth        | |  2.4
Transmutations | |  0.8

Action                   |  1- 3 |  4- 6 |  7- 9 || total
-------------------------+-------+-------+-------++-------
Melee: Club              |    48 |       |    45 ||    93
 Cast: Sandblast         |    42 |    48 |    91 ||   181
       Stone Arrow       |     4 |     3 |     1 ||     8
       Lee's Rapid Decon |       |       |     1 ||     1
Evoke: Wand              |       |     3 |     2 ||     5
  Use: Scroll            |     3 |     2 |     4 ||     9
 Stab: Sleeping          |     1 |       |       ||     1
  Eat: Chunk             |     4 |     5 |     7 ||    16
Armor: Robe              |    24 |     1 |    54 ||    79
Dodge: Dodged            |    67 |     7 |   118 ||   192
